 Dungeon Crawl Stone Soup version 0.19.5 (webtiles) character file.

2623 miragecloak the Martial Artist (level 9, -1/60 (61) HPs)
             Began as an Octopode Transmuter on May 2, 2017.
             Was a Follower of Ashenzari.
             Succumbed to a water moccasin's poison
             ... on level 1 of the Lair of Beasts.
             The game lasted 00:15:26 (7793 turns).

miragecloak the Martial Artist (OpTm)               Turns: 7793, Time: 00:15:26

HP:   -1/60 (61)    AC:  2    Str: 16    XL:     9   Next: 60%
MP:   9/12          EV: 22    Int: 19    God:    Ashenzari [*.....]
Gold: 622           SH:  0    Dex: 20    Spells: 2 memorised, 8 levels left

rFire  . . .     SeeInvis .       - Unarmed
rCold  . . .     Gourm    .     (shield currently unavailable)
rNeg   . . .     Faith    .     (helmet currently unavailable)
rPois  x         Spirit   .     (no amulet)
rElec  .         Reflect  .     (no ring)
rCorr  .         Harm     .     n - +4 ring of intelligence
MR     .....                    w - +6 ring of strength
Stlth  ++........               (no ring)
                                (no ring)
                                (no ring)
                                (no ring)
                                (no ring)

@: lethally poisoned (-1 -> -66), about to teleport, spider-form
A: almost no armour, stealthy swim, (amphibious), 8 rings, (constrict 8),
(camouflage 0), (gelatinous body 0)
a: End Transformation, Curse Item, Scrying, Renounce Religion


You were on level 1 of the Lair of Beasts.
You worshipped Ashenzari.
Ashenzari was aware of your devotion.
You were not hungry.
You were a venomous arachnid creature.
You visited 3 branches of the dungeon, and saw 12 of its levels.

You collected 622 gold pieces.

Inventory:

Missiles
 a - 41 arrows
Jewellery
 n - a +4 ring of intelligence (right front leg)
 s - an uncursed ring of ice
 w - a +6 ring of strength (on tentacle)
Wands
 x - a wand of flame (24/48)
 C - a wand of hasting (7/9)
Scrolls
 h - a scroll of amnesia {unknown}
 j - a scroll of fear {unknown}
 l - a scroll of recharging
 o - 6 scrolls of identify
 p - 2 scrolls of immolation {unknown}
 q - 10 scrolls of magic mapping
 u - a scroll of blinking {unknown}
 D - a scroll of noise {unknown}
Potions
 e - 4 potions of degeneration {unknown}
 f - a potion of berserk rage {unknown}
 r - a potion of brilliance {unknown}
 t - a potion of magic {unknown}
 v - a potion of cancellation {unknown}
 A - a potion of flight {unknown}
 B - a potion of beneficial mutation {unknown}
 E - 2 potions of cure mutation {unknown}
Books
 b - a book of Changes

   Spells                             Type                      Level
   a - Beastly Appendage              Transmutation                1
   b - Sticks to Snakes               Transmutation                2
   c - Spider Form                    Transmutation/Poison         3
   d - Ice Form                       Ice/Transmutation            4
   e - Blade Hands                    Transmutation                5
 y - a book of Necromancy

   Spells                             Type                      Level
   a - Pain                           Necromancy                   1
   b - Animate Skeleton               Necromancy                   1
   c - Vampiric Draining              Necromancy                   3
   d - Regeneration                   Charms/Necromancy            3
   e - Animate Dead                   Necromancy                   4
   f - Control Undead                 Necromancy                   4
Comestibles
 c - 2 bread rations
 d - 5 meat rations
 g - 2 fruits
 k - 2 beef jerkies
 m - a royal jelly
 z - 2 slices of pizza


   Skills:
 - Level 5.0 Fighting
 + Level 4.0 Dodging
 * Level 10.5 Unarmed Combat
 - Level 2.0 Spellcasting
 - Level 4.0 Transmutations
 - Level 3.1 Poison Magic


You had 8 spell levels left.
You knew the following spells:

 Your Spells              Type           Power        Failure   Level  Hunger
a - Beastly Appendage     Tmut           ###...       12%         1    #......
b - Spider Form           Tmut/Pois      ###.......   28%         3    ###....


Dungeon Overview and Level Annotations

Branches:
Dungeon (10/15)            Temple (1/1) D:6            Lair (1/6) D:8
    Orc: D:9-12

Altars:
Ashenzari
Cheibriados
Dithmenos
Elyvilon
Fedhas
Gozag
Hepliaklqana
Kikubaaqudgha
Makhleb
Nemelex Xobeh
Okawaru
Qazlal
Ru
Sif Muna
Trog
Uskayaw
Vehumet
Xom
Yredelemnul
Zin
The Shining One
Beogh

Shops:
D:7 [   D:10 :

Annotations:
D:6 Pikel; miragecloak's ghost, novice FoAK
D:9 Prince Ribbit


Innate Abilities, Weirdness & Mutations

You cannot wear most types of armour.
You are very stealthy in the water. (Stealth+)
((You are amphibious.))
You can wear up to eight rings at the same time.
((You can use your tentacles to constrict eight enemies at once.))
((Your skin changes colour to match your surroundings (Stealth+).))
((Your rubbery body absorbs attacks. (AC +1, EV +1)))


Message History

You hit the spiny frog but do no damage.
The water moccasin completely misses you.
The spiny frog completely misses you.
You hit the spiny frog.
The spiny frog is lightly wounded.
The water moccasin barely misses you. The spiny frog completely misses you.
You barely miss the spiny frog.
The spiny frog is lightly wounded.
The water moccasin bites you! The spiny frog stings you!!
You are lethally poisoned!
The spiny frog poisons you!
Okay, then.
As you read the scroll of teleportation, it crumbles to dust.
You feel strangely unstable.
You feel very sick. The water moccasin closely misses you.
The water moccasin bites you.
You are more poisoned.
The water moccasin poisons you! The spiny frog stings you!
* * * LOW HITPOINT WARNING * * *
You die...

#####P##.################
.........................
.........................
#........................
P........................
.........................
#............)....S......
#........P.###....F......
.........####...sP.######
.......... ##...###
..........# #...#
(...####.## #...# ###.
#.# #...# # #.P #...# P.#
#...# #...#


You could see a spiny frog and a water moccasin.

Vanquished Creatures
  A hippogriff (D:8)
  A hungry ghost (D:8)
  A water moccasin (D:7)
  A black bear (D:8)
  An orc warrior (D:8)
  2 sky beasts
  An ice beast (D:9)
  A necrophage (D:7)
  A phantom (D:5)
  2 ogres
  2 wolves (D:8)
  A big kobold (D:10)
  2 bullfrogs
  2 scorpions
  An electric eel (D:8)
  2 howler monkeys (D:9)
  A bullfrog zombie (D:7)
  4 crimson imps
  A bullfrog skeleton (D:7)
  5 hounds
  2 quasits
  A centaur skeleton (D:4)
  3 orc wizards
  An iguana (D:5)
  2 worker ants
  A hound skeleton (D:7)
  7 adders
  A shadow imp (D:8)
  3 oozes
  An adder zombie (D:7)
  2 adder skeletons
  3 worms
  2 dart slugs
  7 leopard geckos
  17 orcs
  A ball python (D:3)
  4 giant cockroaches
  11 goblins
  5 hobgoblins
  6 jackals
  4 quokkas
  A ball python zombie (D:5)
  8 bats
  10 frilled lizards
  A goblin skeleton (D:10)
  A goblin zombie (D:10)
  9 kobolds
  A quokka skeleton (D:6)
  8 rats
156 creatures vanquished.

Notes
Turn   | Place    | Note
-------+----------+-------------------------------------------
     0 | D:1      | miragecloak the Octopode Transmuter began the quest for the Orb.
     0 | D:1      | Reached XP level 1. HP: 13/13 MP: 3/3
     7 | D:1      | Noticed an anaconda
     7 | D:1      | Noticed a lindwurm
     7 | D:1      | Noticed a wolf
    67 | D:1      | Reached XP level 2. HP: 10/18 MP: 3/5
   342 | D:1      | Reached XP level 3. HP: 20/23 MP: 4/6
   879 | D:2      | Learned a level 3 spell: Spider Form
  1027 | D:2      | Reached skill level 1 in Poison Magic
  1072 | D:2      | Reached XP level 4. HP: 26/28 MP: 3/7
  1868 | D:3      | Reached XP level 5. HP: 3/33 MP: 3/8
  2096 | D:3      | Found a faded altar of an unknown god.
  2644 | D:4      | Reached skill level 4 in Unarmed Combat
  2649 | D:4      | Reached XP level 6. HP: 26/39 MP: 6/9
  3021 | D:5      | Entered Level 5 of the Dungeon
  3256 | D:5      | Noticed a sky beast
  3274 | D:5      | HP: 1/41 [something (5)]
  3275 | D:5      | Killed a sky beast
  3275 | D:5      | Reached skill level 5 in Unarmed Combat
  3275 | D:5      | Reached XP level 7. HP: 2/46 MP: 8/10
  3955 | D:5      | Reached skill level 6 in Unarmed Combat
  4409 | D:6      | Found a staircase to the Ecumenical Temple.
  4429 | D:6      | Noticed miragecloak's ghost (novice FoAK)
  4439 | Temple   | Entered the Ecumenical Temple
  4549 | Temple   | Became a worshipper of Ashenzari the Shackled
  4902 | D:6      | Noticed Pikel
  5020 | D:7      | Reached skill level 7 in Unarmed Combat
  5020 | D:7      | Reached XP level 8. HP: 27/52 MP: 7/11
  5359 | D:7      | Reached skill level 8 in Unarmed Combat
  5463 | D:7      | Noticed a wraith
  5605 | D:7      | Found Atuahi's Armour Boutique.
  6284 | D:8      | Reached skill level 5 in Fighting
  6284 | D:8      | Reached skill level 9 in Unarmed Combat
  6407 | D:8      | Reached * piety under Ashenzari
  6430 | D:8      | Reached XP level 9. HP: 57/60 MP: 9/12
  6935 | D:8      | Noticed a troll
  7133 | D:9      | Reached skill level 10 in Unarmed Combat
  7154 | D:9      | Noticed Prince Ribbit
  7161 | D:10     | Entered Level 10 of the Dungeon
  7183 | D:10     | Found Ginetuebb's Book Emporium.
  7255 | D:10     | Noticed a troll
  7318 | D:9      | Found a roughly hewn altar of Beogh.
  7681 | D:8      | Found a staircase to the Lair.
  7725 | Lair:1   | Entered Level 1 of the Lair of Beasts
  7784 | Lair:1   | Noticed a spiny frog
  7793 | Lair:1   | Succumbed to a water moccasin's poison

Skill      XL: |  1  2  3  4  5  6  7  8  9 |
---------------+----------------------------+-----
Transmutations | 3 4 |  4.0
Poison Magic   | 1 2 3 |  3.1
Unarmed Combat | 4 5 7 9 10 | 10.5
Fighting       | 2 3 5 |  5.0
Dodging        | 4 |  4.0
Spellcasting   | |  2.0

Action                   |  1- 3 |  4- 6 |  7- 9 || total
-------------------------+-------+-------+-------++-------
Melee: Unarmed           |    90 |   173 |   226 ||   489
       Constrict         |    25 |     3 |     2 ||    30
       Kick              |    14 |       |       ||    14
       Tentacles         |     7 |     3 |     4 ||    14
       Punch             |     1 |       |     1 ||     2
 Cast: Beastly Appendage |    20 |     1 |       ||    21
       Spider Form       |     5 |    35 |    43 ||    83
Evoke: Wand              |       |       |     1 ||     1
  Use: Scroll            |       |       |     6 ||     6
 Stab: Sleeping          |     7 |     2 |       ||     9
       Distracted        |       |       |     1 ||     1
  Eat: Chunk             |     1 |    12 |    14 ||    27
       Bread ration      |       |       |     1 ||     1
       Fruit             |       |       |     3 ||     3
Armor: Skin              |    12 |     6 |    14 ||    32
Dodge: Dodged            |    56 |   147 |   164 ||   367
